 Dungeon Crawl Stone Soup version 0.30-a0-141-g30f27751c5 (webtiles) character file.

Game seed: 11810637794092355872

631 qw the Shield-Bearer (level 7, -2/43 HPs)
             Began as a Gargoyle Fighter on Sept 25, 2022.
             Slain by a wyvern zombie (3 damage)
             ... in an ossuary.
             The game lasted 00:02:17 (4296 turns).

qw the Shield-Bearer (Gargoyle Fighter)             Turns: 4296, Time: 00:02:18

Health: -2/43      AC: 18    Str: 22    XL:     7   Next: 48%
Magic:  7/7        EV:  4    Int:  8    God:
Gold:   141        SH: 17    Dex:  9    Spells: 6/6 levels left

rFire   + . .      SeeInvis .    i - +1 war axe (vamp)
rCold   . . .      Faith    .    s - +0 tower shield
rNeg    + . .      Spirit   .    m - +2 chain mail {rF+}
rPois   inf        Reflect  +    (no helmet)
rElec   +          Harm     .    e - +0 cloak
rCorr   .          Rampage  .    (no gloves)
Will    .....                    l - +0 pair of boots
Stlth   ..........               h - amulet of reflection
HPRegen 0.14/turn                (no ring)
MPRegen 0.10/turn                (no ring)

@: no status effects
A: sickness immunity, AC +4, negative energy resistance 1, electricity
resistance, torment resistance 1, petrification resistance
a: no special abilities


You were in an ossuary.
You visited 1 branch of the dungeon, and saw 5 of its levels.
You also visited: Ossuary.

You collected 204 gold pieces.
You spent 63 gold pieces at shops.


Innate Abilities, Weirdness & Mutations

You are immune to sickness and miasma.
Your stone body is resilient. (AC +4)
You are immune to poison.
You resist negative energy. (rN+)
You are resistant to electric shocks. (rElec)
You are resistant to unholy torment.
You are immune to petrification.


   Skills:
 - Level 4.1 Fighting
 - Level 5.8 Axes
 - Level 3.2 Armour
 + Level 5.9 Shields


You had 6 spell levels left.
You didn't know any spells.
Your spell library was empty.

Inventory:

Hand Weapons
 i - a +1 vampiric war axe (weapon)
 o - a +0 flail
Missiles
 c - 2 boomerangs of dispersal (quivered)
Armour
 e - a +0 cloak (worn)
 l - a +0 pair of boots (worn)
 m - a +2 chain mail of fire resistance (worn)
 s - a +0 tower shield (worn)
Jewellery
 h - an amulet of reflection (around neck)
Scrolls
 k - a scroll of identify
Potions
 a - 2 potions of mutation
 b - 2 potions of cancellation
 d - 3 potions of might
 j - 3 potions of lignification
 n - 2 potions of curing

Dungeon Overview and Level Annotations

Branches:
Dungeon (5/15)            Ossuary (1/1)
 Temple: D:4-7

Altars:
Kikubaaqudgha
Vehumet

Shops:
D:4 *


Message History

The centaur zombie kicks you but does no damage.
A bullfrog zombie comes into view.
You block the wyvern zombie's attack. You block the centaur zombie's attack.
The centaur zombie kicks you but does no damage.
You slash the centaur zombie!
The centaur zombie is heavily damaged.
You barely miss the mummy. You hit the wyvern zombie.
You block the wyvern zombie's attack.
The centaur zombie hits you but does no damage.
The centaur zombie kicks you but does no damage.
The wyvern zombie barely misses you. You block the centaur zombie's attack.
The centaur zombie kicks you but does no damage.
The mummy barely misses you.
You hit the centaur zombie.
The centaur zombie is severely damaged.
You slash the mummy! You slash the wyvern zombie!
The wyvern zombie bites you but does no damage.
You block the centaur zombie's attack.
The centaur zombie kicks you but does no damage.
The centaur zombie hits you.
The centaur zombie kicks you but does no damage.
You block the wyvern zombie's attack. The mummy hits you.
You barely miss the centaur zombie.
The centaur zombie is severely damaged.
You barely miss the mummy. You slash the wyvern zombie!
You block the wyvern zombie's attack. You block the centaur zombie's attack.
The centaur zombie kicks you but does no damage.
You block the centaur zombie's attack.
The centaur zombie kicks you but does no damage.
The wyvern zombie bites you but does no damage.
The mummy hits you but does no damage.
You slash the centaur zombie!
The centaur zombie is almost destroyed.
You hit the mummy.
You hit the wyvern zombie but do no damage.
The centaur zombie hits you but does no damage.
The centaur zombie barely misses you. You block the wyvern zombie's attack.
The centaur zombie hits you. You block the centaur zombie's attack.
The wyvern zombie bites you.
You die... ~~# ~~# #~' '~# ##~## ZM~

###M#####
#.Z@#..\#
###Z'.\.#
#.'.#...#
###.#####
+.. #'#
#.# ###


You could see 2 mummies, a bullfrog zombie, a wyvern zombie and a centaur
zombie.

Vanquished Creatures
  An ogre (D:4)
  A scorpion (D:2)
  2 bullfrog zombies (Ossuary)
  2 centaur zombies (Ossuary)
  An orc priest (D:5)
  2 jellies
  2 orc wizards (D:3)
  6 mummies (Ossuary)
  4 adders
  5 worms
  2 dart slugs
  8 orcs
  7 bats
  4 endoplasms
  4 giant cockroaches
  8 goblins
  5 hobgoblins
  10 kobolds
  3 quokkas
  4 ball pythons
  5 frilled lizards
  8 rats
94 creatures vanquished.

Vanquished Creatures (others)
  4 withered plants (Ossuary)
4 creatures vanquished.

Grand Total: 98 creatures vanquished

Notes
Turn   | Place    | Note
-------+----------+-------------------------------------------
     0 | D:1      | qw the Gargoyle Fighter began the quest for the Orb.
     0 | D:1      | Reached XP level 1. HP: 14/14 MP: 1/1
     0 | D:1      | 0 ||| qw: Version: 0.2-a-9-ge00f85e
     0 | D:1      | 0 ||| qw: Game counter: 100
     0 | D:1      | 0 ||| qw: Always use a shield: true
     0 | D:1      | 0 ||| qw: God list: Okawaru
     0 | D:1      | 0 ||| qw: Allow faded altars: false
     0 | D:1      | 0 ||| qw: Do Orc after D:15 true
     0 | D:1      | 0 ||| qw: Do second Lair branch before Depths: true
     0 | D:1      | 0 ||| qw: Lair rune preference: random
     0 | D:1      | 0 ||| qw: Plans: Normal, Zot:1-4, God:TSO, Crypt, Tomb,
                  | Pan, Slime:5, Hells, Abyss, Orb
     0 | D:1      | 0 ||| PLANNING D:1-11
   318 | D:1      | 318 ||| Stepping ~*~*~tactically~*~*~ (stealth).
   322 | D:1      | Reached XP level 2. HP: 19/19 MP: 2/2
   324 | D:1      | 324 ||| Stepping ~*~*~tactically~*~*~ (stealth).
   361 | D:1      | Found a faded altar of an unknown god.
   698 | D:1      | 698 ||| UPGRADING to +2 chain mail of fire resistance.
   708 | D:1      | 708 ||| DROPPING +0 scale mail.
   709 | D:1      | 709 ||| UPGRADING to amulet of reflection.
   714 | D:1      | 714 ||| DROPPING +6 ring of intelligence.
   715 | D:1      | 715 ||| READING scroll labelled SILYSM ITOU.
   716 | D:1      | 716 ||| READING scroll labelled ADE YCHAAFURU.
   717 | D:1      | 717 ||| READING 2 scrolls labelled ERIWUS DAIRHU.
   718 | D:1      | 718 ||| READING scroll labelled GOUN VISIBRUM.
   719 | D:1      | 719 ||| DRINKING 2 green potions.
   964 | D:2      | 964 ||| Stepping ~*~*~tactically~*~*~ (stealth).
   983 | D:2      | 983 ||| Stepping randomly (stuck).
   984 | D:2      | 984 ||| Stepping randomly (stuck).
   985 | D:2      | 985 ||| Stepping randomly (stuck).
   986 | D:2      | 986 ||| Stepping randomly (stuck).
   987 | D:2      | 987 ||| Stepping randomly (stuck).
   988 | D:2      | 988 ||| Stepping randomly (stuck).
  1032 | D:2      | 1032 ||| Stepping randomly (stuck).
  1033 | D:2      | 1033 ||| Stepping randomly (stuck).
  1034 | D:2      | 1034 ||| Stepping randomly (stuck).
  1035 | D:2      | 1035 ||| Stepping randomly (stuck).
  1036 | D:2      | 1036 ||| Stepping randomly (stuck).
  1037 | D:2      | 1037 ||| Stepping randomly (stuck).
  1038 | D:2      | 1038 ||| Stepping randomly (stuck).
  1039 | D:2      | 1039 ||| Stepping randomly (stuck).
  1042 | D:2      | Reached skill level 3 in Axes
  1049 | D:2      | Reached XP level 3. HP: 14/23 MP: 3/3
  1195 | D:2      | 1195 ||| Stepping randomly (stuck).
  1196 | D:2      | 1196 ||| Stepping randomly (stuck).
  1197 | D:2      | 1197 ||| Stepping randomly (stuck).
  1198 | D:2      | 1198 ||| Stepping randomly (stuck).
  1199 | D:2      | 1199 ||| Stepping randomly (stuck).
  1200 | D:2      | 1200 ||| Stepping randomly (stuck).
  1230 | D:2      | 1230 ||| FLEEEEING.
  1231 | D:2      | 1231 ||| FLEEEEING.
  1232 | D:2      | 1232 ||| FLEEEEING.
  1233 | D:2      | 1233 ||| FLEEEEING.
  1234 | D:2      | 1234 ||| FLEEEEING.
  1235 | D:2      | 1235 ||| FLEEEEING.
  1236 | D:2      | 1236 ||| FLEEEEING.
  1241 | D:2      | 1241 ||| FLEEEEING.
  1311 | D:2      | 1311 ||| DROPPING +0 club.
  1429 | D:2      | Reached XP level 4. HP: 28/28 MP: 4/4
  1439 | D:2      | Noticed a scorpion
  1441 | D:2      | Killed a scorpion
  1472 | D:2      | Reached XP level 5. HP: 32/32 MP: 5/5
  1615 | D:2      | Found an ancient bone altar of Kikubaaqudgha.
  1815 | D:2      | 1815 ||| Stepping ~*~*~tactically~*~*~ (hiding).
  2206 | D:2      | 2206 ||| UPGRADING to +0 cloak.
  2211 | D:2      | 2211 ||| DROPPING amulet of regeneration.
  2212 | D:2      | 2212 ||| READING scroll labelled WARYSUW FURY.
  2213 | D:2      | 2213 ||| READING scroll labelled CAUBRIOCWA.
  2214 | D:2      | 2214 ||| DRINKING 2 dark potions.
  2255 | D:3      | Found a radiant altar of Vehumet.
  2876 | D:3      | 2876 ||| READING scroll of brand weapon.
  2876 | D:3      | 2876 ||| BRANDING +1 war axe of freezing.
  3211 | D:3      | 3211 ||| UPGRADING to +0 pair of boots.
  3216 | D:3      | 3216 ||| READING scroll labelled LUMMYG HAUHERPH.
  3217 | D:3      | 3217 ||| READING 2 scrolls of identify.
  3217 | D:3      | 3217 ||| IDENTIFYING fuming brown potion
  3287 | D:4      | Noticed an ogre
  3291 | D:4      | Killed an ogre
  3292 | D:4      | Reached XP level 6. HP: 27/38 MP: 6/6
  3354 | D:4      | 3354 ||| Stepping ~*~*~tactically~*~*~ (stealth).
  3383 | D:4      | 3383 ||| DROPPING +2 whip of flaming.
  3563 | D:4      | Found Mojom's Mass Market.
  3584 | D:4      | 3584 ||| SHOPLISTING +0 plate armour (322 gold, have 179).
  3584 | D:4      | 3584 ||| BUYING +0 tower shield (63 gold).
  3584 | D:4      | Bought a +0 tower shield for 63 gold pieces
  3731 | D:4      | 3731 ||| UPGRADING to +0 tower shield.
  3741 | D:4      | 3741 ||| DROPPING +0 buckler.
  3742 | D:4      | 3742 ||| READING scroll labelled COIKLO RYRHOCS.
  3743 | D:4      | 3743 ||| READING scroll labelled PYV JEELOEHIN.
  3748 | D:4      | 3748 ||| DRINKING 2 grey potions.
  3749 | D:4      | 3749 ||| DRINKING 3 fizzy inky potions.
  3750 | D:4      | 3750 ||| READING 2 scrolls of identify.
  3750 | D:4      | 3750 ||| IDENTIFYING blue potion
  3751 | D:4      | 3751 ||| DROPPING potion of invisibility.
  3757 | D:5      | Entered Level 5 of the Dungeon
  3758 | D:5      | 3758 ||| PLANNING OSSUARY
  3780 | D:5      | 3780 ||| Stepping ~*~*~tactically~*~*~ (hiding).
  3781 | D:5      | 3781 ||| Stepping ~*~*~tactically~*~*~ (hiding).
  3988 | D:5      | Found a sand-covered staircase.
  3989 | D:5      | 3989 ||| READING 2 scrolls of identify.
  3989 | D:5      | 3989 ||| IDENTIFYING cyan potion
  3990 | D:5      | 3990 ||| DROPPING potion of brilliance.
  3997 | D:5      | 3997 ||| FLEEEEING.
  3998 | D:5      | 3998 ||| FLEEEEING.
  4003 | D:5      | 4003 ||| FLEEEEING.
  4005 | D:5      | 4005 ||| FLEEEEING.
  4006 | D:5      | 4006 ||| FLEEEEING.
  4018 | D:5      | 4018 ||| FLEEEEING.
  4019 | D:5      | 4019 ||| FLEEEEING.
  4020 | D:5      | 4020 ||| FLEEEEING.
  4021 | D:5      | 4021 ||| FLEEEEING.
  4022 | D:5      | 4022 ||| FLEEEEING.
  4023 | D:5      | 4023 ||| FLEEEEING.
  4024 | D:5      | 4024 ||| FLEEEEING.
  4025 | D:5      | 4025 ||| FLEEEEING.
  4026 | D:5      | 4026 ||| FLEEEEING.
  4027 | D:5      | 4027 ||| FLEEEEING.
  4028 | D:5      | 4028 ||| FLEEEEING.
  4029 | D:5      | 4029 ||| FLEEEEING.
  4030 | D:5      | 4030 ||| FLEEEEING.
  4031 | D:5      | 4031 ||| FLEEEEING.
  4032 | D:5      | 4032 ||| FLEEEEING.
  4033 | D:5      | 4033 ||| FLEEEEING.
  4034 | D:5      | 4034 ||| FLEEEEING.
  4035 | D:5      | 4035 ||| FLEEEEING.
  4036 | D:5      | 4036 ||| FLEEEEING.
  4037 | D:5      | 4037 ||| FLEEEEING.
  4038 | D:5      | 4038 ||| FLEEEEING.
  4039 | D:5      | 4039 ||| FLEEEEING.
  4040 | D:5      | 4040 ||| FLEEEEING.
  4041 | D:5      | 4041 ||| FLEEEEING.
  4042 | D:5      | 4042 ||| FLEEEEING.
  4043 | D:5      | 4043 ||| FLEEEEING.
  4044 | D:5      | 4044 ||| FLEEEEING.
  4045 | D:5      | 4045 ||| FLEEEEING.
  4046 | D:5      | 4046 ||| FLEEEEING.
  4047 | D:5      | 4047 ||| FLEEEEING.
  4048 | D:5      | 4048 ||| FLEEEEING.
  4049 | D:5      | 4049 ||| FLEEEEING.
  4050 | D:5      | 4050 ||| FLEEEEING.
  4051 | D:5      | 4051 ||| FLEEEEING.
  4052 | D:5      | 4052 ||| FLEEEEING.
  4053 | D:5      | 4053 ||| FLEEEEING.
  4054 | D:5      | 4054 ||| FLEEEEING.
  4055 | D:5      | 4055 ||| FLEEEEING.
  4056 | D:5      | 4056 ||| FLEEEEING.
  4057 | D:5      | 4057 ||| FLEEEEING.
  4058 | D:5      | 4058 ||| FLEEEEING.
  4059 | D:5      | 4059 ||| FLEEEEING.
  4060 | D:5      | 4060 ||| STAIRDANCE
  4067 | D:5      | 4067 ||| STAIRDANCE
  4178 | Ossuary  | Entered an ossuary
  4192 | Ossuary  | Reached XP level 7. HP: 23/43 MP: 7/7
  4194 | Ossuary  | HP: 2/43 [mummy (10)]
  4195 | Ossuary  | 4195 ||| Stepping ~*~*~tactically~*~*~ (stealth).
  4196 | Ossuary  | 4196 ||| DRINKING potion of heal wounds.
  4200 | Ossuary  | HP: 2/43 [mummy (13)]
  4227 | Ossuary  | 4227 ||| Stepping ~*~*~tactically~*~*~ (stealth).
  4228 | Ossuary  | 4228 ||| Stepping ~*~*~tactically~*~*~ (stealth).
  4242 | Ossuary  | HP: 4/43 [bullfrog zombie (5)]
  4291 | Ossuary  | HP: 7/43 [centaur zombie (3)]
  4294 | Ossuary  | HP: 3/43 [mummy (1)]
  4296 | Ossuary  | HP: 1/43 [centaur zombie (2)]
  4296 | Ossuary  | Slain by a wyvern zombie

Levels and vault maps discovered:
D:1:      minmay_arrival_stair_chambers, layout_loops_cross,
          hellmonk_ecumenical_altar_slurped_away, grunt_decor_junction
D:2:      layout_basic, basic_altar, serial_rivers,
          chequers_serial_rivers_micro_e, chequers_serial_rivers_room_b,
          chequers_serial_rivers_small_3, chequers_serial_rivers_micro_d,
          chequers_serial_rivers_micro_d, minmay_joined_circles
D:3:      layout_basic, mainiacjoe_overflow_tiny_flanked, uniq_jessica
D:4:      layout_basic, minmay_shop_mass
D:5:      layout_loops_ring, nicolae_ossuary_entry_ruins, dk_noncrumbling_3
Ossuary:  ossuary_zaba_flooded

Skill      XL: |  1  2  3  4  5  6  7 |
---------------+----------------------+-----
Axes           | 2 3 4 5 |  5.8
Fighting       | 4 |  4.1
Shields        | 4 5 |  5.9
Armour         | |  3.2

Action                   |  1- 3 |  4- 6 |  7- 9 || total
-------------------------+-------+-------+-------++-------
Melee: War axe           |    85 |   165 |    49 ||   299
Throw: Boomerang         |       |     1 |       ||     1
  Use: Scroll            |     4 |     9 |       ||    13
       Potion            |     1 |     3 |     1 ||     5
Armor: Scale mail        |     8 |       |       ||     8
       Chain mail        |    30 |    86 |    40 ||   156
Dodge: Dodged            |    22 |    26 |     7 ||    55
Block: Buckler           |    29 |    48 |       ||    77
       Reflection        |     1 |       |       ||     1
       Tower shield      |       |    41 |    55 ||    96

Table legend:
 A = Non-vault XP
 B = Vault XP
 C = Vault XP percentage of total XP
 D = Non-vault monster count
 E = Vault monster count
 F = Vault count percentage of total count
                 A         B        C        D         E       F
            +---------+---------+-------+---------+---------+-------
      Total |     543 |     359 |  39.8 |      68 |      26 |  27.7
            +---------+---------+-------+---------+---------+-------
        D:1 |      16 |       2 |  11.1 |      10 |       1 |   9.1
        D:2 |     130 |      42 |  24.4 |      22 |      15 |  40.5
        D:3 |     121 |       0 |   0.0 |      20 |       0 |   0.0
        D:4 |     171 |       0 |   0.0 |      10 |       0 |   0.0
        D:5 |     105 |       0 |   0.0 |       6 |       0 |   0.0
    Ossuary |       0 |     315 | 100.0 |       0 |      10 | 100.0
            +---------+---------+-------+---------+---------+-------
